 Dungeon Crawl Stone Soup version 0.20.1-1-g8b1a95d (webtiles) character file.

104 Gremour the Slasher (level 4, -2/28 HPs)
             Began as a Gargoyle Fighter on Nov 21, 2017.
             Killed by nerve-wracking pain
             ... invoked by an orc priest
              (4 damage)
             ... on level 3 of the Dungeon.
             The game lasted 00:13:10 (1978 turns).

Gremour the Slasher (Gargoyle Fighter)              Turns: 1978, Time: 00:13:11

Health: -2/28      AC: 11    Str: 19    XL:     4   Next: 80%
Magic:  4/4        EV:  7    Int:  9    God:
Gold:   235        SH:  9    Dex: 10    Spells: 3/3 levels left

rFire    . . .     SeeInvis .   a - +0 long sword
rCold    . . .     Gourm    .   c - +0 shield
rNeg     + . .     Faith    .   b - +0 scale mail
rPois    ∞         Spirit   .   i - +0 helmet
rElec    +         Reflect  .   (no cloak)
rCorr    +         Harm     .   (no gloves)
MR       .....                  (no boots)
Stlth    ..........             (no amulet)
Regen    0.1/turn               u - ring of resist corrosion
MPRegen  0.1/turn               (no ring)

@: very slightly contaminated, invisible
A: negative energy resistance 1, electricity resistance, unbreathing,
petrification resistance, rot immunity, AC +3
a: no special abilities


You were on level 3 of the Dungeon.
You were not hungry.

You visited 1 branch of the dungeon, and saw 3 of its levels.

You collected 235 gold pieces.

Inventory:

Hand Weapons
 a - a +0 long sword (weapon)
 d - a +4 mace of holy wrath
Missiles
 g - 4 tomahawks (quivered)
Armour
 b - a +0 scale mail (worn)
 c - a +0 shield (worn)
 i - a +0 helmet (worn)
Jewellery
 h - an uncursed ring of fire
 u - a ring of resist corrosion (left hand)
Scrolls
 e - 2 scrolls of amnesia {unknown}
 k - a scroll of recharging {unknown}
 l - 2 scrolls of magic mapping {unknown}
 m - a scroll of fog {unknown}
 r - a scroll of enchant armour {unknown}
 s - a scroll of identify {unknown}
Potions
 n - a potion of lignification
 q - 2 potions of might
Books
 w - a book of Minor Magic

   Spells                             Type                      Level
   a - Magic Dart                     Conjuration                  1
   b - Blink                          Translocation                2
   c - Call Imp                       Summoning                    2
   d - Slow                           Hexes                        2
   e - Conjure Flame                  Conjuration/Fire             3
   f - Mephitic Cloud                 Conjuration/Poison/Air       3
Comestibles
 f - 2 bread rations
 p - a royal jelly
 v - 4 fruits


   Skills:
 - Level 3.2 Fighting
 + Level 4.3 Long Blades
 - Level 3.2 Armour
 - Level 3.2 Shields


You had 3 spell levels left.
You didn't know any spells.

Dungeon Overview and Level Annotations

Branches:
Dungeon (3/15)

Altars:
Dithmenos
Uskayaw
Xom


Innate Abilities, Weirdness & Mutations

You are resistant to torment.
Your stone body is resilient. (AC +3)
You are immune to poison.
You resist negative energy. (rN+)
You are resistant to electric shocks. (rElec)
You can survive without breathing.
You are immune to petrification.
You are immune to rotting.


Message History

You block the orc's attack.
It was a potion of invisibility.
You fade into invisibility!
The orc barely misses you.
You riposte.
You slash the orc!
You kill the orc!
You are very lightly contaminated with residual magic.
The orc priest hits you with a dagger.
* * * LOW HITPOINT WARNING * * *
Found a spear.
You see here a hand axe.
You barely miss the orc priest.
The orc priest is almost dead.
The orc priest hits you but does no damage.
The orc priest mumbles some strange prayers to Beogh against you.
You barely resist. You closely miss the orc priest.
The orc priest is almost dead.
The orc priest invokes the aid of Beogh against you.
Pain shoots through your body!
You die...

######
#############.##.# ##
................<# .)
##################o###.#
#.........@ooo....
#######.###########o##.#
........# ........#
^.......### >..........
........### ........#
........#


You could see 2 orc priests and 3 orcs.

Vanquished Creatures
  Robin (D:1)
  2 adders (D:3)
  5 dart slugs
  A leopard gecko (D:3)
  An orc (D:3)
  A ball python (D:1)
  3 giant cockroaches
  8 goblins
  10 hobgoblins
  4 jackals (D:2)
  2 quokkas
  8 bats
  3 frilled lizards
  7 kobolds
  4 rats
60 creatures vanquished.

Notes
Turn   | Place    | Note
-------+----------+-------------------------------------------
     0 | D:1      | Gremour the Gargoyle Fighter began the quest for the Orb.
     0 | D:1      | Reached XP level 1. HP: 14/14 MP: 1/1
    72 | D:1      | Reached skill level 2 in Long Blades
   138 | D:1      | Reached XP level 2. HP: 19/19 MP: 2/2
   473 | D:1      | Reached skill level 3 in Long Blades
   560 | D:1      | Reached XP level 3. HP: 23/23 MP: 3/3
   690 | D:2      | Noticed Robin
   754 | D:1      | Killed Robin
   989 | D:2      | Reached XP level 4. HP: 28/28 MP: 4/4
  1278 | D:2      | Reached skill level 4 in Long Blades
  1300 | D:2      | Found a shimmering altar of Xom.
  1300 | D:2      | Found a shimmering altar of Xom.
  1300 | D:2      | Found a shimmering altar of Xom.
  1301 | D:2      | Found a shimmering altar of Xom.
  1301 | D:2      | Found a shimmering altar of Xom.
  1312 | D:2      | Found a shimmering altar of Xom.
  1510 | D:3      | Found a shadowy altar of Dithmenos.
  1802 | D:3      | Found a hide-covered altar of Uskayaw.
  1976 | D:3      | HP: 1/28 [orc priest/dagger (2)]
  1978 | D:3      | Killed from afar by an orc priest

Skill      XL: |  1  2  3  4 |
---------------+-------------+-----
Long Blades    | 2 3 4 |  4.3
Fighting       | |  3.2
Armour         | |  3.2
Shields        | |  3.2

Action                   |  1- 3 |  4- 6 || total
-------------------------+-------+-------++-------
Melee: Long sword        |   111 |    92 ||   203
  Use: Potion            |     3 |     4 ||     7
  Eat: Meat ration       |     1 |       ||     1
Armor: Scale mail        |    73 |    51 ||   124
       Skin              |       |     3 ||     3
Dodge: Dodged            |    49 |    42 ||    91
Block: Shield            |    63 |    55 ||   118
       Rpst.: Long sword |    16 |    13 ||    29
